 Dungeon Crawl Stone Soup version 0.32-a0-128-g77eb882913 (webtiles) character file.

Game seed: 8235652310314577479

4825 zeratav the Placeless Oni (level 10, -5/104 HPs)
             Began as an Oni Warper on Feb 8, 2024.
             Was a Believer of the Shining One.
             Succumbed to a hornet's poison
             ... on level 9 of the Dungeon.
             The game lasted 00:18:15 (12690 turns).

zeratav the Placeless Oni (Oni Warper)             Turns: 12690, Time: 00:18:16

Health: -5/104     AC:  6    Str: 21    XL:     10   Next: 49%
Magic:  3/13       EV:  9    Int: 14    God:    the Shining One [**....]
Gold:   335        SH:  0    Dex:  8    Spells: 7/13 levels left

rFire   . . .        t - +2 whip (elec) {mace}
rCold   . . .        (no shield)
rNeg    + . .        b - +0 robe
rPois   .            (helmet restricted)
rElec   .            w - +2 cloak
rCorr   .            (gloves unavailable)
SInv    .            (boots unavailable)
Will    +....        (no amulet)
Stlth   +            (no ring)
HPRegen 0.37/turn    (no ring)
MPRegen 0.13/turn

%: no passive effects
@: brilliant, lethally poisoned (-5 -> -26), about to teleport, slowed, glowing,
very slow
A: large, unfitting armour, horns 1, tough skin 1, double potion healing,
drunken brawling
a: Renounce Religion, Divine Shield


You were on level 9 of the Dungeon.
You worshipped the Shining One.
The Shining One was pleased with you.
You visited 2 branches of the dungeon, and saw 10 of its levels.

You collected 335 gold pieces.


Innate Abilities, Weirdness & Mutations

You are too large for most types of armour.
You have a pair of small horns on your head.
You have tough skin. (AC +1)
You gain doubled healing and magic from potions.
Whenever you drink a healing potion, you attack all around you.


   Skills:
 + Level 8.0 Fighting
 + Level 6.0 Maces & Flails
 + Level 1.2 Throwing
 - Level 2.1 Dodging
 - Level 2.4 Spellcasting
 - Level 12.0 Translocations


You had 7 spell levels left.
You knew the following spells:

 Your Spells              Type           Power      Damage    Failure   Level
a - Blink                 Tloc           100%       N/A       1%          2
b - Manifold Assault      Tloc           52%        N/A       1%          4

Your spell library contained the following spells:

 Spells                   Type           Power      Damage    Failure   Level
 Apportation              Tloc           100%       N/A       1%          1
 Lesser Beckoning         Tloc           100%       N/A       1%          2
 Teleport Other           Tloc           52%        N/A       1%          3
 Dimensional Bullseye     Hex/Tloc       13%        N/A       19%         4
 Iskenderun's Mystic Bla  Conj/Tloc      27%        2d7       19%         4
 Vhi's Electric Charge    Tloc/Air       54%        N/A       19%         4
 Foxfire                  Conj/Fire      8%         2x1d4     22%         1
 Jinxbite                 Hex            4%         N/A       34%         2
 Call Canine Familiar     Summ           2%         N/A       56%         3
 Hailstorm                Conj/Ice       2%         3d5       56%         3
 Sigil of Binding         Hex            2%         N/A       56%         3
 Summon Ice Beast         Ice/Summ       2%         N/A       56%         3
 Tukima's Dance           Hex            2%         N/A       56%         3
 Cause Fear               Hex            1%         N/A       92%         4
 Summon Lightning Spire   Summ/Air       2%         N/A       92%         4
 Alistair's Intoxication  Alch           1%         N/A       99%         5
 Yara's Violent Unravell  Hex/Alch       1%         3d3       99%         5
 Plasma Beam              Fire/Air       1%         2x1d11    100%        6
 Sculpt Simulacrum        Ice/Alch       1%         N/A       100%        6
 Starburst                Conj/Fire      1%         6d3       100%        6

Inventory:

Hand Weapons
 a - a +0 mace {mace}
 t - a +2 whip of electrocution (weapon) {mace}
   (You found it on level 3 of the Dungeon)
 A - a +0 giant club {mace}
   (You took it off an ogre on level 5 of the Dungeon)
 F - a +2 dire flail of protection {mace}
   (You took it off an orc warrior on level 8 of the Dungeon)
Missiles
 d - 7 darts of dispersal {=fthrowing}
 B - 12 poisoned darts (quivered) {throwing}
 E - 13 large rocks {=fthrowing}
Armour
 b - a +0 robe (worn)
 w - a +2 cloak (worn)
   (You found it on level 5 of the Dungeon)
 C - a +1 hat
   (You found it on level 6 of the Dungeon)
 D - the +0 robe of Vixawih {Will+ Str-5 Int+4}
   (You found it on level 6 of the Dungeon)

   Str-5:     It affects your strength (-5).
   Int+4:     It affects your intelligence (+4).
   Will+:     It increases your willpower.
Jewellery
 i - the ring of Uhorun {*Slow Fly Will++ Int+2 SInv}
   (You found it on level 2 of the Dungeon)

   [ring of see invisible]

   Int+2:     It affects your intelligence (+2).
   Will++:    It greatly increases your willpower.
   SInv:      It lets you see invisible.
   Fly:       It grants you flight.
   *Slow:     It may slow you when you take damage.
 y - a ring of ice
   (You found it on level 5 of the Dungeon)
Wands
 u - a wand of flame (26)
   (You found it on level 4 of the Dungeon)
 G - a wand of polymorph (13)
   (You found it on level 8 of the Dungeon)
Scrolls
 c - 3 scrolls of blinking {!r}
 f - 2 scrolls of identify {@r1}
 j - 2 scrolls of enchant weapon
 k - a scroll of vulnerability {!r!r}
 n - 2 scrolls of enchant armour
 o - 3 scrolls of teleportation {@r4}
 s - a scroll of immolation {!r!r}
 I - a scroll of fog {unknown}
Potions
 e - a potion of ambrosia {unknown}
 g - a potion of enlightenment {unknown}
 h - 4 potions of attraction {!q}
 l - 2 potions of lignification {!q}
 m - a potion of brilliance
 p - 2 potions of mutation {unknown}
 q - a potion of cancellation {unknown}
 r - a potion of degeneration {unknown}
 v - a potion of invisibility {unknown}
 x - a potion of might {unknown}
 z - a potion of curing {unknown}
 H - a potion of heal wounds {unknown}

Dungeon Overview and Level Annotations

Branches:
Dungeon (9/15) Zot: 26906  Temple (1/1) D:6 Zot: 5640
   Lair: D:8-11         Orc: D:9-12

Altars:
Ashenzari
Cheibriados
Dithmenos
Elyvilon
Fedhas
Hepliaklqana
Kikubaaqudgha
Makhleb
Nemelex Xobeh
Qazlal
Ru
Sif Muna
Trog
Vehumet
Wu Jian
Xom
Yredelemnul
Zin
The Shining One

Annotations:
D:2 exclusion: downstairs

#.#.#.# #.#.#.# #.#.#.#
#####.#.#.# #.........#
#.........# #.......).#
### #####+#'#).o.....
#...
#########@#o###......
#..#........y#.###......
#...........o....# .....
##.#.........#.#.# .....
#.........#.#.# ....
#.........#.#.# ....
#.........#.#.#
#......)..#.#.#
###########.#.#


You could see a hornet and an orc wizard (invisible).


Message History

Confirm with . or Enter, or press ? or * to list all spells.
Space momentarily warps into an impossible shape!
You hit the orc warrior but do no damage.
You barely miss the hornet. The orc warrior barely misses you.
HP[+1] MP[-4]
You lost 4 mp, and now have 9/13 mp.
Casting: Manifold Assault (mildly dangerous; 1% risk of failure)
Confirm with . or Enter, or press ? or * to list all spells.
Space momentarily warps into an impossible shape!
You hit the orc warrior but do no damage.
You hit the orc wizard.
Lightning courses through the orc wizard!!
You kill the orc wizard!
The orc warrior barely misses you.
Training target 12.0 for Translocations reached!
Your Translocations skill increases to level 12!
You need to enable at least one skill for training.
MP[-4]
You lost 4 mp, and now have 5/13 mp.
You hit the orc warrior but do no damage.
You headbutt the orc warrior.
You hit the orc warrior but do no damage.
The orc warrior hits you with a +0 flail!
HP[-11]
You take 11 damage, and now have 63/104 hp.
Casting: Manifold Assault (mildly dangerous; 1% risk of failure)
Confirm with . or Enter, or press ? or * to list all spells.
Space momentarily warps into an impossible shape!
You hit the hornet but do no damage. You hit the orc warrior.
Lightning courses through the orc warrior!!
You kill the orc warrior!
MP[-4]
You lost 4 mp, and now have 1/13 mp.
You hit the hornet.
You headbutt the hornet, but do no damage.
The hornet stings you.
You feel yourself slow down.
HP[-2]
You take 2 damage, and now have 61/104 hp.
You barely miss the hornet. The hornet stings you!
You feel as though you will be slow longer.
The hornet barely misses you.
HP[-7]
You take 7 damage, and now have 54/104 hp.
You closely miss the hornet. Your headbutt misses the hornet.
The hornet stings you.
* * * LOW HITPOINT WARNING * * *
You feel as though you will be slow longer.
The hornet stings you.
* * * LOW HITPOINT WARNING * * *
You feel as though you will be slow longer.
HP[-5]
You take 5 damage, and now have 49/104 hp.
You hit the hornet but do no damage. Lightning courses through the hornet!
You punch the hornet, but do no damage. The hornet stings you!
* * * LOW HITPOINT WARNING * * *
You feel as though you will be slow longer.
The hornet barely misses you.
HP[-13] MP[+1]
You take 13 damage, and now have 36/104 hp.
You hit the hornet. Lightning courses through the hornet!
You headbutt the hornet, but do no damage.
You punch the hornet, but do no damage. The hornet stings you.
* * * LOW HITPOINT WARNING * * *
You are poisoned.
You feel as though you will be slow longer.
The hornet stings you!
* * * LOW HITPOINT WARNING * * *
You suddenly lose the ability to move!
You can move again.
HP[-14]
You take 14 damage, and now have 22/104 hp.
You feel very sick. The hornet stings you!
* * * LOW HITPOINT WARNING * * *
You shrug off the repeated paralysis!
HP[-12]
You take 12 damage, and now have 10/104 hp.
Blink to where?
Press: ? - help, Dir - move target
As you read the scroll of blinking {!r}, it crumbles to dust.
You feel sick.
HP[-2]
You take 2 damage, and now have 8/104 hp.
Okay, then.
As you read the scroll of teleportation {@r4}, it crumbles to dust.
You feel strangely unstable.
You feel sick. The hornet stings you.
* * * LOW HITPOINT WARNING * * *
You are more poisoned.
You suddenly lose the ability to move!
The hornet stings you. The Shining One protects you from harm!
You are more poisoned.
You feel as though you will be slow longer.
You can move again.
HP[-5]
You take 5 damage, and now have 3/104 hp.
It was a potion of brilliance.
You feel clever all of a sudden.
You die...

Skill      XL: |  1  2  3  4  5  6  7  8  9 10 |
---------------+-------------------------------+-----
Fighting       | 3 4 5 6 7 8 |  8.0
Maces & Flails | 3 4 5 6 |  6.0
Translocations | 4 7 10 12 | 12.0
Throwing       | |  1.2
Dodging        | |  2.1
Spellcasting   | |  2.4

Action                     |  1- 3 |  4- 6 |  7- 9 | 10-12 || total
---------------------------+-------+-------+-------+-------++-------
  Melee: Mace              |   116 |       |       |       ||   116
         Headbutt          |    16 |    12 |    49 |    34 ||   111
         Punch             |     2 |     3 |    20 |    10 ||    35
         Dagger            |       |    69 |       |       ||    69
         Whip              |       |    28 |   307 |   134 ||   469
  Throw: Dart              |       |       |     1 |     1 ||     2
   Cast: Blink             |       |     1 |     1 |       ||     2
         Manifold Assault  |       |       |       |    11 ||    11
  Evoke: Wand              |       |     3 |     1 |       ||     4
    Use: Scroll            |       |       |     7 |     2 ||     9
         Potion            |       |       |     1 |     1 ||     2
   Stab: Sleeping          |     1 |       |       |       ||     1
 Armour: Robe              |    74 |    69 |   196 |    91 ||   430
         Skin              |       |       |    19 |       ||    19
  Dodge: Dodged            |    69 |    30 |    86 |    41 ||   226

Levels and vault maps discovered:
D:1:      kennysheep_arrival_forest, layout_basic, nicolae_eternal_life
D:2:      layout_loops_cross, minmay_goblin_outpost
D:3:      layout_rooms, uniq_grinder, uniq_jessica, uniq_ijyb
D:4:      layout_layer_cave, kennysheep_mini, nicolae_qazlal_style_of_elements,
          roderic_lattice_a, uniq_menkaure, uniq_pikel
D:5:      layout_loops_ring
D:6:      layout_layer_cave, nicolae_elyvilon_peaceful_grove,
          nicolae_vehumet_radiance, minmay_temple_entry_junction_2,
          minivault_26, st_stairs_11, minmay_ogre_servants
D:7:      layout_basic, lemuel_round_altar, kennysheep_little_box,
          amcnicky_mini_corridor_feature, uniq_crazy_yiuf_cottage
D:8:      layout_layer_cave
D:9:      layout_basic, nicolae_overflow_two_pavilions
Temple:   compressed_dpeg_triangle_lava_temple

Notes
Turn   | Place    | Note
-------+----------+-------------------------------------------
     0 | D:1      | zeratav the Oni Warper began the quest for the Orb.
     0 | D:1      | Reached XP level 1. HP: 22/22 MP: 3/3
     0 | D:1      | magus.rc [v1.9.6]
   122 | D:1      | Reached skill level 3 in Fighting
   151 | D:1      | Reached XP level 2. HP: 31/31 MP: 5/5
   166 | D:1      | Learned a level 2 spell: Blink
   197 | D:1      | You pick up a book of Fire and begin reading...
   197 | D:1      | You add the spells Foxfire, Plasma Beam and Starburst to
                  | your library.
   366 | D:1      | Reached XP level 3. HP: 39/39 MP: 6/6
   613 | D:1      | Reached skill level 4 in Fighting
   772 | D:2      | Reached skill level 3 in Maces & Flails
  1057 | D:2      | You pick up a book of the Tundra and begin reading...
  1057 | D:2      | You add the spells Hailstorm, Summon Ice Beast and Sculpt
                  | Simulacrum to your library.
  1151 | D:2      | Reached XP level 4. HP: 29/49 MP: 7/7
  1590 | D:2      | Identified the ring of Uhorun {*Slow Fly Will++ Int+2 SInv}
  1766 | D:3      | Noticed Grinder
  2008 | D:3      | Noticed Ijyb
  2018 | D:3      | Killed Ijyb
  2191 | D:3      | Noticed a scorpion
  2207 | D:3      | Killed a scorpion
  2208 | D:3      | Reached skill level 5 in Fighting
  2208 | D:3      | Reached skill level 4 in Maces & Flails
  2208 | D:3      | Reached XP level 5. HP: 27/57 MP: 8/8
  2212 | D:3      | HP: 14/57 [poisoned by a scorpion]
  2217 | D:3      | HP: 10/57 [poisoned by a scorpion]
  2744 | D:3      | Noticed Jessica
  2755 | D:3      | Killed Jessica
  2970 | D:3      | Paralysed by Grinder for 3 turns
  2977 | D:3      | Paralysed by Grinder for 3 turns
  3007 | D:3      | Paralysed by Grinder for 3 turns
  3170 | D:4      | Reached skill level 6 in Fighting
  3170 | D:4      | Reached XP level 6. HP: 67/67 MP: 9/9
  3310 | D:4      | Found a stormy altar of Qazlal.
  3312 | D:4      | Noticed a water elemental
  3313 | D:4      | Noticed a fire elemental
  3313 | D:4      | Noticed an air elemental
  3339 | D:4      | Found a shimmering blue altar of Sif Muna.
  3342 | D:4      | Noticed Pikel
  3357 | D:4      | HP: 15/68 [lemure[Pikel] (3)]
  3430 | D:3      | Paralysed by Grinder for 5 turns
  3578 | D:3      | Paralysed by Grinder for 5 turns
  3589 | D:3      | Killed Grinder
  3590 | D:3      | Reached skill level 7 in Fighting
  3590 | D:3      | Reached skill level 5 in Maces & Flails
  3590 | D:3      | Reached XP level 7. HP: 64/78 MP: 10/10
  3861 | D:4      | Killed Pikel
  3862 | D:4      | Reached skill level 8 in Fighting
  3862 | D:4      | Reached skill level 6 in Maces & Flails
  3862 | D:4      | Reached skill level 4 in Translocations
  3862 | D:4      | Reached XP level 8. HP: 73/88 MP: 11/11
  4415 | D:4      | Noticed Menkaure
  4435 | D:4      | Killed Menkaure
  4436 | D:4      | Reached skill level 5 in Translocations
  4883 | D:5      | Entered Level 5 of the Dungeon
  5293 | D:5      | Reached skill level 6 in Translocations
  6161 | D:6      | Found a staircase to the Ecumenical Temple.
  6179 | D:6      | HP: 21/88 [water moccasin (5)]
  6181 | D:6      | Reached skill level 7 in Translocations
  6184 | D:6      | HP: 10/88 [poisoned by a water moccasin]
  6188 | Temple   | Entered the Ecumenical Temple
  6189 | Temple   | HP: 6/88 [poisoned by a water moccasin]
  6206 | Temple   | Became a worshipper of the Shining One
  6614 | D:6      | You pick up a book of Weapons and begin reading...
  6614 | D:6      | You add the spells Tukima's Dance, Dimensional Bullseye and
                  | Iskenderun's Mystic Blast to your library.
  6729 | D:6      | Reached XP level 9. HP: 69/96 MP: 12/12
  6865 | D:6      | Identified the +0 robe of Vixawih {Will+ Str-5 Int+4}
  7041 | D:6      | Reached skill level 8 in Translocations
  7188 | D:6      | Found a radiant altar of Vehumet.
  7565 | D:6      | You add the spells Sigil of Binding, Call Canine Familiar,
                  | Cause Fear, Summon Lightning Spire and Yara's Violent
                  | Unravelling to your library.
  7565 | D:6      | Got the Anthology of the Sphinx and Production
  7985 | D:6      | Found a white marble altar of Elyvilon.
  8058 | D:6      | Reached skill level 9 in Translocations
  8173 | D:6      | HP: 23/96 [goblin/+0 club (4)]
  9000 | D:7      | HP: 21/96 [gnoll/+0 whip[a gnoll sergeant] (6)]
  9010 | D:7      | HP: 14/96 [gnoll/+0 whip[a gnoll sergeant] (4)]
  9280 | D:7      | Reached * piety under the Shining One
  9305 | D:7      | Reached skill level 10 in Translocations
  9462 | D:7      | You pick up a book of Party Tricks and begin reading...
  9462 | D:7      | You add the spells Apportation, Jinxbite and Alistair's
                  | Intoxication to your library.
  9563 | D:7      | Found a runed translucent door.
  9570 | D:7      | Noticed Crazy Yiuf
  9698 | D:7      | Reached XP level 10. HP: 86/103 MP: 13/13
  9782 | D:7      | Reached ** piety under the Shining One
  9928 | D:7      | Reached skill level 11 in Translocations
  9933 | D:7      | Learned a level 4 spell: Manifold Assault
 10064 | D:7      | Found a bloodstained altar of Trog.
 10194 | D:7      | Found an ornate altar of the Wu Jian Council.
 10515 | D:7      | Killed Crazy Yiuf
 11667 | D:8      | Noticed a cyclops
 11701 | D:8      | Killed a cyclops
 12679 | D:9      | Reached skill level 12 in Translocations
 12686 | D:9      | HP: 22/104 [hornet (13)]
 12686 | D:9      | Paralysed by a hornet for 1 turns
 12687 | D:9      | HP: 10/104 [hornet (10)]
 12689 | D:9      | HP: 3/104 [hornet (5)]
 12689 | D:9      | Paralysed by a hornet for 1 turns
 12689 | D:9      | The Shining One protects you from harm!
 12690 | D:9      | Succumbed to a hornet's poison

Vanquished Creatures
  Pikel (D:4)
  A cyclops (D:8)
  Grinder (D:3)
  A steam dragon (D:8)
  Menkaure (D:4)
  2 water moccasins (D:6)
  3 orc warriors
  An ice beast (D:6)
  4 ogres
  2 centaurs
  A phantom (D:6)
  2 kobold brigands
  A bullfrog (D:8)
  A gnoll sergeant (D:7)
  3 scorpions
  10 wights (D:7)
  5 killer bees (D:7)
  5 howler monkeys
  6 jellies
  2 orc priests (D:7)
  Crazy Yiuf (D:7)
  3 bombardier beetles
  A sleepcap (D:8)
  4 hounds
  Jessica (D:3)
  3 iguanas
  4 orc wizards
  Ijyb (D:3)
  8 gnolls
  5 adders
  2 white imps
  2 ufetubi (D:7)
  7 dart slugs
  3 ribbon worms
  19 orcs
  6 endoplasms
  3 giant cockroaches
  13 goblins
  8 hobgoblins
  7 jackals
  7 quokkas
  2 ball pythons
  11 bats
  5 frilled lizards
  10 kobolds
  3 rats
192 creatures vanquished.

Vanquished Creatures (others)
  A butterfly (D:6)
1 creature vanquished.

Grand Total: 193 creatures vanquished

Table legend:
 A = Non-vault XP
 B = Vault XP
 C = Vault XP percentage of total XP
 D = Non-vault monster count
 E = Vault monster count
 F = Vault count percentage of total count
                 A         B        C        D         E       F
            +---------+---------+-------+---------+---------+-------
      Total |    5391 |    1503 |  21.8 |     171 |      21 |  10.9
            +---------+---------+-------+---------+---------+-------
        D:1 |      52 |       0 |   0.0 |      28 |       0 |   0.0
        D:2 |      30 |       6 |  16.7 |      15 |       3 |  16.7
        D:3 |     149 |     373 |  71.5 |      11 |       3 |  21.4
        D:4 |     224 |     765 |  77.4 |      17 |       2 |  10.5
        D:5 |     490 |       0 |   0.0 |      19 |       0 |   0.0
        D:6 |    1104 |     317 |  22.3 |      15 |      12 |  44.4
        D:7 |    1908 |      42 |   2.2 |      37 |       1 |   2.6
        D:8 |    1197 |       0 |   0.0 |      23 |       0 |   0.0
        D:9 |     237 |       0 |   0.0 |       6 |       0 |   0.0
            +---------+---------+-------+---------+---------+-------

Skill      XL: |  1  2  3  4  5  6  7  8  9 10 |
---------------+-------------------------------+-----
Fighting       | 3 4 5 6 7 8 |  8.0
Maces & Flails | 3 4 5 6 |  6.0
Translocations | 4 7 10 12 | 12.0
Throwing       | |  1.2
Dodging        | |  2.1
Spellcasting   | |  2.4

Action                     |  1- 3 |  4- 6 |  7- 9 | 10-12 || total
---------------------------+-------+-------+-------+-------++-------
  Melee: Mace              |   116 |       |       |       ||   116
         Headbutt          |    16 |    12 |    49 |    34 ||   111
         Punch             |     2 |     3 |    20 |    10 ||    35
         Dagger            |       |    69 |       |       ||    69
         Whip              |       |    28 |   307 |   134 ||   469
  Throw: Dart              |       |       |     1 |     1 ||     2
   Cast: Blink             |       |     1 |     1 |       ||     2
         Manifold Assault  |       |       |       |    11 ||    11
  Evoke: Wand              |       |     3 |     1 |       ||     4
    Use: Scroll            |       |       |     7 |     2 ||     9
         Potion            |       |       |     1 |     1 ||     2
   Stab: Sleeping          |     1 |       |       |       ||     1
 Armour: Robe              |    74 |    69 |   196 |    91 ||   430
         Skin              |       |       |    19 |       ||    19
  Dodge: Dodged            |    69 |    30 |    86 |    41 ||   226

Illustrated notes

Table legend:
 A = Kills in this place as a percentage of kills in the entire game.
 B = Kills by you in this place as a percentage of kills by you in the entire game.
 C = Kills by friends in this place as a percentage of kills by friends in the entire game.
 D = Other kills in this place as a percentage of other kills in the entire game.
 E = Experience gained in this place as a percentage of experience gained in the entire game.
 F = Experience gained in this place divided by the number of levels of this place that you have seen.
                   A       B       C       D       E      F
               +-------+-------+-------+-------+-------+----------------------
         Total | 100.0 | 100.0 |   N/A |   N/A | 100.0 | 689.4
       Dungeon | 100.0 | 100.0 |   N/A |   N/A | 100.0 | 766.0
               +-------+-------+-------+-------+-------+----------------------

Table legend: (Time is in decaauts)
 A = Elapsed time spent in this place.
 B = Non-inter-level travel time spent in this place.
 C = Inter-level travel time spent in this place.
 D = Time resting spent in this place.
 E = Time spent auto-exploring this place.
 F = Levels seen in this place.
 G = Mean time per level.
                   A        B        C        D        E       F      G
               +--------+--------+--------+--------+--------+-----+--------+
         Total |  12636 |  12317 |    319 |   2766 |   7889 |  10 | 1263.6 |
       Dungeon |  12276 |  11988 |    288 |   2439 |   7889 |   9 | 1364.0 |
        Temple |    359 |    328 |     31 |    327 |      0 |   1 |  359.0 |
               +--------+--------+--------+--------+--------+-----+--------+

Top non-repeatable levels by time:
     D:7: 2053 daAuts
     D:6: 2026 daAuts
     D:8: 1980 daAuts
     D:2: 1575 daAuts
     D:4: 1534 daAuts
     D:5: 1215 daAuts
     D:3: 1037 daAuts
     D:1: 761 daAuts
  Temple: 359 daAuts
     D:9: 93 daAuts
